R+ - U24
CHEYENNE CHIEFS @ MEDICINE HAT STAMPEDE
09/19/2052
 
TOP OF THE 1ST
Puebla Mermen batting - Pitching for Chihuahua Aztecs : RHP John Pimentel
Pitching: RHP John Pimentel
Batting: RHB Jason Halsey 0-0: Ball
1-0: Swinging Strike
1-1: Swinging Strike
1-2: Strikes out swinging
Batting: LHB Zach Calderon 0-0: Foul Ball, location: 2F
0-1: Foul Ball, location: 7LSF
0-2: Fly out, F8 (Flyball, 8LM, EV 91.9 MPH)
Batting: LHB Pascal De Alba 0-0: Fly out, F7 (Flyball, 7D, EV 88.8 MPH)
Top of the 1st over - 0 runs, 0 hits, 0 errors, 0 left on base; Puebla 0 - Chihuahua 0
BOTTOM OF THE 1ST
Chihuahua Aztecs batting - Pitching for Puebla Mermen : RHP Reidar Orellana
Pitching: RHP Reidar Orellana
Batting: LHB Aarón Fermin 0-0: Called Strike
0-1: Foul Ball, location: 5F
0-2: Ball
1-2: Foul Ball, location: 25F
1-2: Ground out 6-3 (Groundball, 6, EV 106.3 MPH)
Batting: RHB Aaron Brady 0-0: Called Strike
0-1: Swinging Strike
0-2: Strikes out swinging
Batting: LHB Caton Tamez 0-0: Swinging Strike
0-1: Ball
1-1: Called Strike
1-2: Ball
2-2: Ground out U3 (Groundball, 3L, EV 105.0 MPH)
Bottom of the 1st over - 0 runs, 0 hits, 0 errors, 0 left on base; Puebla 0 - Chihuahua 0
TOP OF THE 2ND
Puebla Mermen batting - Pitching for Chihuahua Aztecs : RHP John Pimentel
Batting: RHB Tom Huppert 0-0: Ball
1-0: SINGLE (Groundball, 4MD, EV 98.8 MPH)
Batting: LHB Jimmy Toth 0-0: Called Strike
0-1: TRIPLE (Line Drive, 7LD, EV 106.9 MPH)
Tom Huppert scores
Batting: LHB Senon Cardeñas 0-0: Ball
1-0: Foul Ball, location: 2RF
1-1: Swinging Strike
1-2: Ball
2-2: Foul Ball, location: 5DF
2-2: SINGLE (Groundball, 34D, EV 101.9 MPH)
Jimmy Toth scores
Batting: LHB Brad Lilley 0-0: Fielders Choice at 2nd, 1-6 (Groundball, 13S, EV 68.1 MPH)
Batting: LHB Saloman Domínguez 0-0: Ball
1-0: Called Strike
1-1: Ball
2-1: Ball
3-1: Fly out, F9 (Flyball, 89S, EV 88.1 MPH)
Batting: RHB Martin Magadan 0-0: Ball
1-0: Called Strike
1-1: Called Strike
1-2: Fly out, F8 (Flyball, 8RXD, EV 85.0 MPH)
Top of the 2nd over - 2 runs, 3 hits, 0 errors, 1 left on base; Puebla 2 - Chihuahua 0
BOTTOM OF THE 2ND
Chihuahua Aztecs batting - Pitching for Puebla Mermen : RHP Reidar Orellana
Batting: RHB Jack Baker 0-0: Foul Ball, location: 9LMF
0-1: SINGLE (Line Drive, 7S, EV 100.0 MPH)
Batting: RHB Bennie Lord 0-0: SINGLE (Line Drive, 89M, EV 101.9 MPH)
Jack Baker to second
Batting: LHB Adrian Solorio 0-0: Foul Ball, location: 2F
0-1: Ball
1-1: Fielders Choice at 2nd, 6-4 (Groundball, 6, EV 78.8 MPH)
Jack Baker to third
Batting: RHB Vaughan Babbs 0-0: SINGLE (Groundball, P, EV 89.4 MPH) (infield hit)
Jack Baker scores
Adrian Solorio to second
Batting: LHB Lukas Guerra 0-0: Foul Ball, location: 5F
0-1: Foul Ball, location: 3F
0-2: Ball
1-2: Strikes out looking
Batting: RHB José Lemus 0-0: Foul Ball, location: 2F
0-1: Foul Ball, location: 2F
0-2: SINGLE (Groundball, 6, EV 106.3 MPH)
Adrian Solorio to third
Vaughan Babbs to second
Runner from 3rd tries for Home, SAFE, throw by CF to home
Batting: LHB Aarón Fermin 0-0: Ball
1-0: Foul Ball, location: 3F
1-1: Ball
2-1: Foul Ball, location: 7LDF
2-2: Ball
3-2: Fly out, F1 (Popup, 15, EV 80.6 MPH)
Bottom of the 2nd over - 2 runs, 4 hits, 0 errors, 2 left on base; Puebla 2 - Chihuahua 2
TOP OF THE 3RD
Puebla Mermen batting - Pitching for Chihuahua Aztecs : RHP John Pimentel
Batting: RHB Jason Halsey 0-0: Called Strike
0-1: Swinging Strike
0-2: Ball
1-2: Ball
2-2: Foul Ball, location: 2F
2-2: Strikes out swinging
Batting: LHB Zach Calderon 0-0: Ball
1-0: Ball
2-0: Called Strike
2-1: Foul Ball, location: 2LF
2-2: Ball
3-2: Ground out 4-3 (Groundball, 34D, EV 101.9 MPH)
Batting: LHB Pascal De Alba 0-0: Called Strike
0-1: Swinging Strike
0-2: Ball
1-2: Foul Ball, location: 3F
1-2: Strikes out looking
Top of the 3rd over - 0 runs, 0 hits, 0 errors, 0 left on base; Puebla 2 - Chihuahua 2
BOTTOM OF THE 3RD
Chihuahua Aztecs batting - Pitching for Puebla Mermen : RHP Reidar Orellana
Batting: RHB Aaron Brady 0-0: Called Strike
0-1: Swinging Strike
0-2: Ball
1-2: Ball
2-2: Ball
3-2: Strikes out swinging
Batting: LHB Caton Tamez 0-0: Fly out, F8 (Flyball, 8LM, EV 80.0 MPH)
Batting: RHB Jack Baker 0-0: Ball
1-0: Swinging Strike
1-1: SOLO HOME RUN (Line Drive, 78XD, EV 107.5 MPH), Distance : 399 ft
Batting: RHB Bennie Lord 0-0: Called Strike
0-1: Ball
1-1: Ground out 1-3 (Groundball, 15S, EV 71.3 MPH)
Bottom of the 3rd over - 1 run, 1 hit, 0 errors, 0 left on base; Puebla 2 - Chihuahua 3
TOP OF THE 4TH
Puebla Mermen batting - Pitching for Chihuahua Aztecs : RHP John Pimentel
Batting: RHB Tom Huppert 0-0: Ball
1-0: Ground out 6-3 (Groundball, 6, EV 103.1 MPH)
Batting: LHB Jimmy Toth 0-0: Ball
1-0: SINGLE (Groundball, 4MD, EV 96.3 MPH)
Batting: LHB Senon Cardeñas 0-0: Ball
1-0: Ball
2-0: Grounds out, U3 (Groundball, 3L, EV 86.9 MPH)
Batting: LHB Brad Lilley 0-0: Ball
1-0: Foul Ball, location: 9LMF
1-1: Fly out, F4 (Popup, 4S, EV 73.8 MPH)
Top of the 4th over - 0 runs, 1 hit, 0 errors, 1 left on base; Puebla 2 - Chihuahua 3
BOTTOM OF THE 4TH
Chihuahua Aztecs batting - Pitching for Puebla Mermen : RHP Reidar Orellana
Batting: LHB Adrian Solorio 0-0: Ball
1-0: Ball
2-0: Ball
3-0: Called Strike
3-1: Fly out, F9 (Line Drive, 9, EV 103.1 MPH)
Batting: RHB Vaughan Babbs 0-0: Called Strike
0-1: Ball
1-1: Foul Ball, location: 25F
1-2: Foul Ball, location: 2F
1-2: Foul Ball, location: 9LMF
1-2: Fly out, F8 (Flyball, 89XD, EV 104.4 MPH)
Batting: LHB Lukas Guerra 0-0: Ball
1-0: Ball
2-0: Fly out, F5 (Popup, 5F, EV 78.1 MPH)
Bottom of the 4th over - 0 runs, 0 hits, 0 errors, 0 left on base; Puebla 2 - Chihuahua 3
TOP OF THE 5TH
Puebla Mermen batting - Pitching for Chihuahua Aztecs : RHP John Pimentel
Batting: LHB Saloman Domínguez 0-0: Swinging Strike
0-1: Called Strike
0-2: SINGLE (Line Drive, 78S, EV 90.6 MPH)
Batting: RHB Martin Magadan 0-0: Called Strike
0-1: Ball
1-1: Ball
2-1: Grounds into double play, 6-4-3 (Groundball, 6, EV 88.8 MPH)
Batting: RHB Jason Halsey 0-0: SINGLE (Groundball, 6MD, EV 108.1 MPH)
Batting: LHB Zach Calderon 0-0: Ball
1-0: Ball
2-0: Ball
3-0: Called Strike
3-1: Fly out, F8 (Flyball, 8LD, EV 89.4 MPH)
Top of the 5th over - 0 runs, 2 hits, 0 errors, 1 left on base; Puebla 2 - Chihuahua 3
BOTTOM OF THE 5TH
Chihuahua Aztecs batting - Pitching for Puebla Mermen : RHP Reidar Orellana
Batting: RHB José Lemus 0-0: Called Strike
0-1: Foul Ball, location: 2F
0-2: Ball
1-2: Ball
2-2: Strikes out swinging
Batting: LHB Aarón Fermin 0-0: Foul Ball, location: 2F
0-1: Foul Ball, location: 2F
0-2: Ball
1-2: Foul Ball, location: 5F
1-2: Ball
2-2: Strikes out swinging
Batting: RHB Aaron Brady 0-0: Called Strike
0-1: Ball
1-1: Ball
2-1: Ball
3-1: Foul Ball, location: 5F
3-2: TRIPLE (Line Drive, 89XD, EV 110.6 MPH)
Batting: LHB Caton Tamez 0-0: Called Strike
0-1: Ball
1-1: Ball
2-1: Ball
3-1: Called Strike
3-2: Base on Balls
Batting: RHB Jack Baker 0-0: Called Strike
0-1: Ball
1-1: Swinging Strike
1-2: Ball
2-2: Ball
3-2: SINGLE (Line Drive, 7S, EV 104.4 MPH)
Aaron Brady scores
Caton Tamez to second
Caton Tamez to third
Batting: RHB Bennie Lord 0-0: Foul Ball, location: 2F
0-1: Ball
1-1: Hit by Pitch
Jack Baker to second
Batting: LHB Adrian Solorio 0-0: Called Strike
0-1: Ball
1-1: Called Strike
1-2: Ball
2-2: Ball
3-2: SINGLE (Flyball, 78S, EV 91.9 MPH)
Caton Tamez scores
Jack Baker to third
Bennie Lord to second
Jack Baker scores
Bennie Lord to third
Pitching: RHP Isaiah Gorin
Batting: RHB Vaughan Babbs 0-0: Ball
1-0: Called Strike
1-1: Hit by Pitch
Adrian Solorio to second
Batting: LHB Lukas Guerra 0-0: Fly out, F9 (Flyball, 9S, EV 75.0 MPH)
Bottom of the 5th over - 3 runs, 3 hits, 0 errors, 3 left on base; Puebla 2 - Chihuahua 6
TOP OF THE 6TH
Puebla Mermen batting - Pitching for Chihuahua Aztecs : RHP John Pimentel
Batting: LHB Pascal De Alba 0-0: Called Strike
0-1: Fly out, F7 (Flyball, 7, EV 83.8 MPH)
Batting: RHB Tom Huppert 0-0: Ball
1-0: SINGLE (Groundball, 34D, EV 93.8 MPH)
Batting: LHB Jimmy Toth 0-0: Ball
Tom Huppert steals 2nd base
1-0: Foul Ball, location: 2F
1-1: Foul Ball, location: 2F
1-2: Ball
2-2: Foul Ball, location: 3F
2-2: SINGLE (Flyball, 8LS, EV 101.9 MPH)
Tom Huppert to third
Batting: LHB Senon Cardeñas 0-0: Swinging Strike
0-1: Swinging Strike
0-2: Ball
1-2: Strikes out swinging
Batting: LHB Brad Lilley 0-0: Foul Ball, location: 2F
0-1: Swinging Strike
0-2: Fly out, F6 (Popup, 15, EV 81.9 MPH)
Top of the 6th over - 0 runs, 2 hits, 0 errors, 2 left on base; Puebla 2 - Chihuahua 6
BOTTOM OF THE 6TH
Chihuahua Aztecs batting - Pitching for Puebla Mermen : RHP Isaiah Gorin
Batting: RHB José Lemus 0-0: Called Strike
0-1: Ball
1-1: Swinging Strike
1-2: Strikes out swinging
Batting: LHB Aarón Fermin 0-0: Ball
1-0: Called Strike
1-1: Ball
2-1: Ball
3-1: Fly out, F8 (Flyball, 8LD, EV 95.6 MPH)
Batting: RHB Aaron Brady 0-0: SINGLE (Groundball, 56D, EV 99.4 MPH)
Batting: LHB Caton Tamez 0-0: Called Strike
0-1: Ball
1-1: Ball
2-1: Foul Ball, location: 25F
2-2: Ball
3-2: 2-RUN HOME RUN (Flyball, 9LD, EV 91.9 MPH), Distance : 346 ft
Batting: RHB Jack Baker 0-0: Foul Ball, location: 5F
0-1: Ball
1-1: Ball
2-1: Foul Ball, location: 9LMF
2-2: Foul Ball, location: 2F
2-2: Reached on error, E6 (Groundball, 6, EV 102.5 MPH)
Batting: RHB Bennie Lord 0-0: Ball
1-0: Fly out, F8 (Flyball, 89D, EV 100.6 MPH)
Bottom of the 6th over - 2 runs, 2 hits, 1 error, 1 left on base; Puebla 2 - Chihuahua 8
TOP OF THE 7TH
Puebla Mermen batting - Pitching for Chihuahua Aztecs : RHP John Pimentel
Batting: LHB Saloman Domínguez 0-0: Fly out, F5 (Popup, 25F, EV 86.9 MPH)
Batting: RHB Martin Magadan 0-0: Ball
1-0: Ball
2-0: Called Strike
2-1: Ball
3-1: Foul Ball, location: 9LDF
3-2: Strikes out looking
Batting: RHB Jason Halsey 0-0: Called Strike
0-1: Ball
1-1: Ground out 6-3 (Groundball, 6, EV 81.3 MPH)
Top of the 7th over - 0 runs, 0 hits, 0 errors, 0 left on base; Puebla 2 - Chihuahua 8
BOTTOM OF THE 7TH
Chihuahua Aztecs batting - Pitching for Puebla Mermen : RHP Isaiah Gorin
Batting: LHB Adrian Solorio 0-0: Ball
1-0: Called Strike
1-1: Ball
2-1: Fly out, F9 (Flyball, 9, EV 81.9 MPH)
Batting: RHB Vaughan Babbs 0-0: Fly out, F4 (Popup, 4, EV 74.4 MPH)
Batting: LHB Lukas Guerra 0-0: Called Strike
0-1: Ball
1-1: Ball
2-1: Foul Ball, location: 3F
2-2: Fly out, F9 (Flyball, 9D, EV 84.4 MPH)
Bottom of the 7th over - 0 runs, 0 hits, 0 errors, 0 left on base; Puebla 2 - Chihuahua 8
TOP OF THE 8TH
Puebla Mermen batting - Pitching for Chihuahua Aztecs : RHP John Pimentel
Batting: LHB Zach Calderon 0-0: Ball
1-0: Ground out 4-3 (Groundball, 4, EV 84.4 MPH)
Batting: LHB Pascal De Alba 0-0: Ball
1-0: Called Strike
1-1: DOUBLE (Line Drive, 78XD, EV 107.5 MPH)
Batting: RHB Tom Huppert 0-0: Ball
1-0: Foul Ball, location: 3FF
1-1: Foul Ball, location: 9LMF
1-2: Strikes out swinging
Batting: LHB Jimmy Toth 0-0: Swinging Strike
0-1: Foul Ball, location: 7LSF
0-2: Ball
1-2: Ball
2-2: Foul Ball, location: 5SF
2-2: Foul Ball, location: 2F
2-2: Ball
3-2: Fly out, F8 (Flyball, 8LXD, EV 99.4 MPH)
Top of the 8th over - 0 runs, 1 hit, 0 errors, 1 left on base; Puebla 2 - Chihuahua 8
BOTTOM OF THE 8TH
Chihuahua Aztecs batting - Pitching for Puebla Mermen : RHP Isaiah Gorin
Batting: RHB José Lemus 0-0: Called Strike
0-1: Ball
1-1: Ball
2-1: Swinging Strike
2-2: Ground out 4-3 (Groundball, 4, EV 82.5 MPH)
Batting: LHB Aarón Fermin 0-0: Foul Ball, location: 2F
0-1: Ball
1-1: Ball
2-1: Called Strike
2-2: Ball
3-2: Ground out 6-3 (Groundball, 6, EV 103.8 MPH)
Batting: RHB Aaron Brady 0-0: Ball
1-0: Called Strike
1-1: Reached on error, E5 (Groundball, 56S, EV 93.1 MPH)
Batting: LHB Caton Tamez 0-0: Called Strike
0-1: Ball
1-1: Swinging Strike
1-2: SINGLE (Flyball, 34D, EV 85.6 MPH)
Aaron Brady to second
Runner from 2nd tries for 3rd, SAFE, throw by RF made to third
Pinch Runner at 3rd Aaron Statzer:
Batting: RHB Jack Baker 0-0: Ball
1-0: Called Strike
1-1: SINGLE (Line Drive, 89S, EV 88.8 MPH)
Aaron Statzer scores
Caton Tamez to second
Pitching: RHP Sandy Connors
Batting: RHB Bennie Lord 0-0: Ball
1-0: Called Strike
1-1: Ball
2-1: Swinging Strike
2-2: Ball
3-2: Reached on error, E5 (Groundball, 56, EV 87.5 MPH)
Caton Tamez to third
Jack Baker to second
Batting: LHB Adrian Solorio 0-0: Called Strike
0-1: SINGLE (Groundball, 6MD, EV 95.0 MPH)
Caton Tamez scores
Jack Baker to third
Bennie Lord to second
Runner from 3rd tries for Home, SAFE, throw by CF to home
Batting: RHB Vaughan Babbs 0-0: Ball
1-0: Swinging Strike
1-1: Ball
2-1: Ball
3-1: Swinging Strike
3-2: Fly out, F9 (Flyball, 89S, EV 90.6 MPH)
Bottom of the 8th over - 3 runs, 3 hits, 2 errors, 2 left on base; Puebla 2 - Chihuahua 11
TOP OF THE 9TH
Puebla Mermen batting - Pitching for Chihuahua Aztecs : RHP John Pimentel
Pitching: RHP Rémy Poirier
Now in CF: Victor Contreras
Batting: LHB Senon Cardeñas 0-0: Called Strike
0-1: Ball
1-1: Swinging Strike
1-2: Strikes out looking
Batting: LHB Brad Lilley 0-0: Ball
1-0: Swinging Strike
1-1: SINGLE (Line Drive, 5D, EV 108.1 MPH)
Batting: LHB Saloman Domínguez 0-0: Swinging Strike
0-1: Called Strike
0-2: Strikes out swinging
Batting: RHB Martin Magadan 0-0: Foul Ball, location: 7LMF
0-1: Ball
1-1: Foul Ball, location: 2F
1-2: Ball
2-2: Ball
3-2: Strikes out swinging
Top of the 9th over - 0 runs, 1 hit, 0 errors, 1 left on base; Puebla 2 - Chihuahua 11
Wednesday, May 8th , 2024 - OOTP Baseball 24.11 Build 85